Map: King's Cove LE

Players

IIIIIIIIIIII - Winner!

  • Race: Terran Terran
  • League: Master
  • Spawn Location: 5:00

Mordrago

  • Race: Protoss Protoss
  • League: Master
  • Spawn Location: 11:00

VOD

Have the link to the VOD?

Description

Time

  • Played on: March 5, 2019, 6:27 p.m.
  • Length: 4:40
Show
View Real Time Build Order
Export as new Build Order

IIIIIIIIIIII Terran - Winner!

Build Orders: Cyclone Opening 

Get SALT Encoding   

  12  0:01  SCV  
  13  0:14  SCV  
  14  0:18  Supply Depot  
  14  0:26  SCV  
  15  0:33  Refinery  
  15  0:40  SCV  
  16  0:46  Barracks  
  16  0:52  SCV  
  17  1:04  SCV  
  18  1:09  Supply Depot  
  18  1:16  SCV  
  19  1:28  SCV  
  20  1:33  Marine  
  20  1:37  Factory  
  21  1:40  Orbital Command  
  21  1:53  Barracks Tech Lab  
  21  2:06  SCV  
  22  2:18  SCV  
  23  2:23  Command Center  
  23  2:31  Cyclone  
  23  2:32  Refinery  
  23  2:37  SCV, Supply Depot  
  27  2:49  SCV  
  28  3:02  SCV  
  28  3:04  Cyclone  
  32  3:09  Barracks Reactor  
  32  3:14  SCV  
  32  3:27  SCV  
  33  3:31  Starport  
  33  3:44  Cyclone  
  36  4:00  Marine x2  
  38  4:04  Engineering Bay, Supply Depot x2  
  38  4:09  Viking  
  40  4:13  SCV  
  38  4:19  Marine x2  
  36  4:27  SCV  
Show
View Real Time Build Order
Export as new Build Order

Mordrago Protoss 

Build Orders:  

Get SALT Encoding   

  12  0:01  Probe  
  13  0:13  Probe  
  14  0:25  Probe  
  14  0:27  Pylon  
  15  0:41  Pylon  
  15  0:45  Probe  
  15  0:46  Gateway  
  16  0:53  Probe  
  16  1:04  Gateway  
  17  1:06  Probe  
  18  1:13  Assimilator  
  18  1:19  Assimilator  
  18  1:23  Probe  
  19  1:35  Probe  
  19  1:37  Cybernetics Core  
  20  1:48  Probe  
  21  2:00  Probe  
  22  2:03  Adept  
  22  2:05  Adept  
  22  2:12  Probe  
  25  2:20  Stargate  
  27  2:24  Probe  
  27  2:29  Pylon  
  28  2:30  Warp Gate  
  28  2:36  Adept  
  30  2:55  Adept  
  32  2:59  Void Ray  
  32  3:11  Pylon  
  36  3:38  Void Ray  
  34  3:43  Pylon  
  34  3:44  Pylon  
  29  4:20  Zealot x2  
Tags
 
Add a new tag
Caveats
  • Supply blocks, unpowered buildings, or Contaminate may cause inaccurate times.
  • Supply counts are checked every 10 seconds.